 Dungeon Crawl Stone Soup version 0.24-a0-778-g74da537585 (webtiles) character file.

Game seed: 10880437328348296038, levelgen mode: deterministic

112 Arixos the Magician (level 4, -4/24 HPs)
             Began as a Deep Elf Wizard on Oct 7, 2019.
             Killed from afar by an orc wizard (9 damage)
             ... with a puff of flame
             ... on level 2 of the Dungeon.
             The game lasted 00:15:08 (2304 turns).

Arixos the Magician (Deep Elf Wizard)               Turns: 2304, Time: 00:15:08

Health: -4/24      AC:  6    Str:  4    XL:     4   Next: 64%
Magic:  3/13       EV: 11    Int: 24    God:
Gold:   113        SH:  0    Dex: 13    Spells: 2/13 levels left

rFire    . . .     SeeInvis .   k - +1 spear (freeze)
rCold    . . .     Gourm    .   (no shield)
rNeg     . . .     Faith    .   o - +0 acid dragon scales
rPois    +         Spirit   .   b - +0 hat
rElec    .         Reflect  .   (no cloak)
rCorr    +         Harm     .   (no gloves)
MR       .....                  (no boots)
Stlth    ++........             (no amulet)
HPRegen  0.08/turn              j - ring of flight
MPRegen  0.13/turn              m - ring of poison resistance

@: very slightly contaminated
A: no striking features
a: Evoke Flight


You were on level 2 of the Dungeon.
You were very hungry.

You visited 1 branch of the dungeon, and saw 3 of its levels.

You collected 113 gold pieces.

Inventory:

Hand Weapons
 k - a +1 spear of freezing (weapon)
Armour
 b - a +0 hat (worn)
 o - +0 acid dragon scales (worn)
Jewellery
 j - a ring of flight (left hand)
 m - a ring of poison resistance (right hand)
Scrolls
 a - a scroll of random uselessness {unknown}
 e - 2 scrolls of identify {unknown}
 f - a scroll of magic mapping {unknown}
 g - 2 scrolls of teleportation {unknown}
 h - 6 scrolls of remove curse {unknown}
 r - a scroll of immolation {unknown}
Potions
 c - a potion of curing {unknown}
 i - a potion of mutation {unknown}
 l - 2 potions of might {unknown}
 p - 2 potions of invisibility {unknown}
 q - a potion of agility {unknown}
 s - a potion of haste {unknown}
Comestibles
 d - 3 rations


   Skills:
 + Level 3.4 Dodging
 - Level 2.4 Stealth
 + Level 5.1 Spellcasting
 + Level 2.4 Conjurations
 + Level 1.6 Summonings
 + Level 1.7 Translocations
 + Level 1.0 Fire Magic
 + Level 0.8 Air Magic
 + Level 0.8 Poison Magic


You had 2 spell levels left.
You knew the following spells:

 Your Spells              Type           Power        Failure   Level  Hunger
a - Magic Dart            Conj           ###.         8%          1    None
c - Mephitic Cloud        Conj/Pois/Air  ##......     36%         3    ##.....
e - Blink                 Tloc           N/A          16%         2    None
f - Conjure Flame         Conj/Fire      ##......     30%         3    ##.....
i - Call Imp              Summ           ##......     17%         2    None

Your spell library contained the following spells:

 Spells                   Type           Power        Failure   Level  Hunger
 Slow                     Hex            #.......     32%         2    None


Dungeon Overview and Level Annotations

Branches:
Dungeon (3/15)

Altars:
Kikubaaqudgha
Okawaru
Uskayaw


Message History

t - Shout!
Orders for allies: a - Attack new target. r - Retreat! s - Stop attacking. g - Guard the area. f - Follow me.
Anything else - Cancel.
Gang up on whom?
Press: ? - help, Dir - move target cursor, f - orc wizard
Aim: an orc wizard, wielding a +0 dagger and wearing a cursed +0 robe (moderately wounded, fast) Attack!
The orc wizard hits you but does no damage.
You hit the orc wizard. You freeze the orc wizard.
The orc wizard is heavily wounded.
The orc wizard hits you but does no damage.
Your shadow imp hits the orc wizard.
Your shadow imp closely misses the orc wizard.
You hit the orc wizard but do no damage.
The orc wizard is severely wounded.
The orc wizard points at you and mumbles some strange words.
The puff of flame hits you!
You die...

############.............##.##.#
#.#...........##.....
####.##.........###.####
#....###...5...## #...##
#....####.....## #.#...
#....##..>....#####.....
#....##5.............8..
#....##o5#..............
#....##@.#...........8..
####.##..#..............
#.....#...........8..
#..##.#..............
#..####.............. ####
###............ ##...........
##.....##... ###########


You could see an orc wizard, a friendly crimson imp and 2 friendly shadow imps.

Vanquished Creatures
  2 adders (D:2)
  An ooze (D:1)
  A worm (D:2)
  2 dart slugs (D:1)
  A leopard gecko (D:1)
  7 orcs (D:3)
  2 giant cockroaches
  6 goblins
  8 hobgoblins
  2 jackals (D:3)
  8 kobolds
  6 bats
  3 frilled lizards
  2 rats
51 creatures vanquished.

Vanquished Creatures (collateral kills)
  An orc wizard (D:3)
  An ooze (D:3)
  4 orcs (D:3)
  2 kobolds (D:3)
8 creatures vanquished.

Grand Total: 59 creatures vanquished

Notes
Turn   | Place    | Note
-------+----------+-------------------------------------------
     0 | D:1      | Arixos the Deep Elf Wizard began the quest for the Orb.
     0 | D:1      | Reached XP level 1. HP: 10/10 MP: 7/7
   368 | D:1      | Reached XP level 2. HP: 15/15 MP: 7/9
   372 | D:1      | Learned a level 2 spell: Blink
   375 | D:1      | Learned a level 2 spell: Call Imp
   799 | D:1      | Reached XP level 3. HP: 19/19 MP: 9/11
   805 | D:1      | Learned a level 3 spell: Conjure Flame
   809 | D:1      | Learned a level 3 spell: Mephitic Cloud
   822 | D:1      | Reached skill level 5 in Spellcasting
  1175 | D:2      | Found an iron altar of Okawaru.
  1458 | D:2      | Found a hide-covered altar of Uskayaw.
  1514 | D:2      | Reached XP level 4. HP: 24/24 MP: 9/13
  1611 | D:2      | Found an ancient bone altar of Kikubaaqudgha.
  1963 | D:3      | Reached skill level 1 in Fire Magic
  1999 | D:3      | HP: 1/24 [something (1)]
  2304 | D:2      | Killed from afar by an orc wizard

Levels and vault maps discovered:
D:1:      dpeg_arrival_radiant, layout_rooms
D:2:      layout_rooms, nicolae_overflow_crystal_walls, old_standard_altar,
          eat_drink_and_be_merry_uskayaw, serial_curves, eino_curves_04,
          eino_curves_03
D:3:      layout_rooms, lemuel_doored_altar, old_standard_altar, first_ration,
          hangedman_decor_slide_cut

Skill      XL: |  1  2  3  4 |
---------------+-------------+-----
Dodging        | 3 |  3.4
Conjurations   | 2 |  2.4
Spellcasting   | 5 |  5.1
Fire Magic     | 1 |  1.0
Stealth        | |  2.4
Summonings     | |  1.6
Translocations | |  1.7
Air Magic      | |  0.8
Poison Magic   | |  0.8

Action                   |  1- 3 |  4- 6 || total
-------------------------+-------+-------++-------
Melee: Spear             |     6 |    29 ||    35
 Cast: Magic Dart        |    95 |    24 ||   119
       Call Imp          |       |     8 ||     8
       Mephitic Cloud    |       |     2 ||     2
 Stab: Confused          |       |     1 ||     1
  Eat: Chunk             |     2 |     1 ||     3
Armor: Acid dragon scale |     3 |     9 ||    12
Dodge: Dodged            |     9 |     4 ||    13

Table legend:
 A = Non-vault XP
 B = Vault XP
 C = Vault XP percentage of total XP
 D = Non-vault monster count
 E = Vault monster count
 F = Vault count percentage of total count
                 A         B        C        D         E       F
            +---------+---------+-------+---------+---------+-------
      Total |     161 |       0 |   0.0 |      59 |       0 |   0.0
            +---------+---------+-------+---------+---------+-------
        D:1 |      50 |       0 |   0.0 |      25 |       0 |   0.0
        D:2 |      48 |       0 |   0.0 |      13 |       0 |   0.0
        D:3 |      63 |       0 |   0.0 |      21 |       0 |   0.0
            +---------+---------+-------+---------+---------+-------
